Map: [ESL] Site Delta

Players

LiquidSKill (SKillous)

  • Race: Protoss Protoss
  • Spawn Location: 5:00

Dark - Winner!

  • Race: Zerg Zerg
  • Spawn Location: 11:00

VOD

Have the link to the VOD?

Description

Time

  • Played on: Nov. 28, 2023, 5:21 a.m.
  • Length: 13:08
Show
View Real Time Build Order
Export as new Build Order

LiquidSKill Protoss 

Build Orders: 1 Gate Expand, Oracle Opening 

Get SALT Encoding   

  12  0:00  Probe  
  13  0:14  Pylon  
  13  0:17  Probe (Chrono Boost)  
  14  0:27  Probe (Chrono Boost)  
  15  0:32  Probe (Chrono Boost)  
  16  0:41  Gateway  
  16  0:44  Probe  
  16  0:48  Assimilator  
  17  0:56  Probe  
  18  1:08  Probe  
  19  1:20  Probe  
  20  1:27  Nexus  
  20  1:35  Cybernetics Core  
  20  1:39  Probe  
  21  1:46  Assimilator  
  21  1:51  Probe  
  22  1:54  Pylon  
  22  2:03  Probe  
  23  2:09  Adept (Chrono Boost)  
  25  2:16  Stargate  
  25  2:18  Probe  
  26  2:27  Warp Gate  
  26  2:31  Probe (Chrono Boost)  
  26  2:33  Adept  
  29  2:40  Probe (Chrono Boost)  
  31  2:48  Probe (Chrono Boost)  
  31  2:50  Probe (Chrono Boost)  
  32  2:54  Probe (Chrono Boost)  
  32  2:55  Probe (Chrono Boost)  
  34  3:02  Oracle (Chrono Boost)  
  34  3:03  Zealot  
  39  3:06  Probe  
  39  3:07  Probe  
  40  3:18  Probe  
  40  3:19  Probe  
  42  3:20  Pylon  
  42  3:30  Oracle (Chrono Boost), Probe  
  46  3:38  Probe  
  46  3:40  Gateway  
  45  3:43  Probe  
  46  3:50  Probe  
  46  3:55  Probe  
  48  3:57  Nexus  
  48  4:02  Probe (Chrono Boost)  
  49  4:04  Oracle  
  49  4:06  Pylon  
  53  4:15  Twilight Council, Probe (Chrono Boost)  
  53  4:16  Probe (Chrono Boost)  
  54  4:22  Forge  
  55  4:24  Probe x2 (Chrono Boost)  
  55  4:25  Assimilator  
  55  4:28  Assimilator  
  56  4:36  Probe  
  56  4:37  Gateway  
  57  4:39  Adept  
  57  4:42  Probe  
  57  4:45  Gateway  
  60  4:47  Pylon  
  60  4:48  Probe  
  60  4:49  Blink (Chrono Boost)  
  61  4:54  Probe  
  62  5:02  Shield Battery  
  62  5:05  Pylon  
  64  5:08  Probe (Chrono Boost)  
  64  5:09  Probe (Chrono Boost)  
  64  5:10  Probe (Chrono Boost)  
  61  5:14  Adept x2  
  61  5:20  Probe (Chrono Boost)  
  68  5:21  Probe (Chrono Boost)  
  68  5:22  Probe (Chrono Boost)  
  68  5:24  Protoss Ground Weapons Level 1 (Chrono Boost)  
  68  5:29  Probe  
  68  5:30  Probe  
  68  5:31  Probe  
  68  5:33  Stalker  
  68  5:34  Stalker  
  75  5:42  Probe x2  
  77  5:45  Stalker  
  77  5:47  Pylon  
  77  5:49  Probe  
  80  5:55  Pylon  
  80  5:56  Stalker x2  
  84  5:58  Stalker  
  86  6:07  Gateway  
  86  6:08  Gateway  
  86  6:11  Forge  
  86  6:12  Robotics Facility  
  86  6:15  Stalker  
  88  6:22  Shield Battery  
  88  6:24  Pylon  
  88  6:27  Stalker  
  88  6:28  Stalker x2  
  88  6:29  Probe  
  95  6:33  Charge (Chrono Boost)  
  95  6:36  Pylon  
  95  6:39  Protoss Ground Armor Level 1 (Chrono Boost)  
  95  6:44  Nexus  
  95  6:46  Pylon  
  95  6:49  Stalker, Pylon  
  97  6:59  Stalker x3  
  97  7:00  Warp Prism (Chrono Boost), Nexus  
  103  7:05  Stalker  
  103  7:07  Stalker  
  109  7:16  Stalker, Protoss Ground Weapons Level 2 (Chrono Boost)  
  109  7:22  Probe x3  
  114  7:30  Shield Battery, Gateway  
  114  7:31  Gateway  
  114  7:34  Stalker x3  
  120  7:45  Probe  
  121  7:54  Stalker x3  
  125  8:03  Stalker  
  125  8:04  Stalker x2  
  127  8:09  Probe x2  
  127  8:11  Gateway  
  129  8:14  Gateway  
  129  8:15  Probe  
  129  8:16  Probe  
  131  8:21  Zealot x3, Probe  
  131  8:22  Probe  
  139  8:27  Zealot x3  
  139  8:28  Zealot x2  
  139  8:29  Pylon  
  145  8:37  Protoss Ground Armor Level 2 (Chrono Boost)  
  139  8:42  Zealot x3  
  139  8:43  Probe  
  139  8:45  Probe x2  
  146  8:51  Nexus  
  146  8:54  Pylon  
  147  8:58  Zealot x5, Observer, Pylon  
  157  9:11  Pylon  
  157  9:13  Pylon x2  
  157  9:19  Zealot x2  
  157  9:20  Zealot x8  
  167  9:31  Protoss Ground Weapons Level 3 (Chrono Boost)  
  157  9:32  Robotics Bay  
  157  9:35  Shield Battery  
  147  9:40  Probe  
  147  9:44  Stalker x6  
  146  9:51  Stalker x3  
  140  9:57  Probe x2  
  140  9:59  Probe x2  
  144  10:04  Stalker  
  146  10:09  Probe  
  146  10:12  Zealot x6  
  159  10:16  Photon Cannon  
  159  10:17  Colossus (Chrono Boost)  
  159  10:18  Probe  
  166  10:21  Extended Thermal Lance (Chrono Boost)  
  166  10:27  Assimilator  
  166  10:29  Assimilator  
  158  10:36  Zealot x8  
  170  10:44  Zealot x2  
  156  10:56  Stalker x5  
  158  10:57  Stalker x2  
  158  10:58  Zealot  
  136  11:11  Probe  
  136  11:15  Probe  
  132  11:19  Zealot x6  
  132  11:22  Zealot x2  
  132  11:23  Zealot x2  
  132  11:24  Probe  
  141  11:26  Probe x2  
  141  11:27  Shield Battery  
  141  11:29  Probe  
  141  11:30  Assimilator x2  
  125  11:42  Stalker x2  
  125  11:45  Stalker  
  125  11:46  Zealot x5  
  127  11:47  Zealot x2  
  127  11:48  Probe  
  127  11:50  Probe  
  127  11:51  Probe  
  127  11:52  Probe  
  125  12:03  Warp Prism (Chrono Boost)  
  124  12:16  Stalker x3  
  130  12:24  Stalker x2  
  130  12:26  Sentry  
  130  12:27  Sentry  
  130  12:28  Sentry  
  140  12:30  Sentry  
  140  12:35  Stalker  
  144  12:41  Stalker x3  
Show
View Real Time Build Order
Export as new Build Order

Dark Zerg - Winner!

Build Orders: Hatch First 

Get SALT Encoding   

  12  0:00  Drone  
  13  0:14  Overlord  
  13  0:17  Drone  
  14  0:32  Drone x2  
  16  0:52  Hatchery  
  16  0:53  Drone  
  16  0:56  Drone  
  17  1:00  Drone  
  18  1:10  Extractor  
  17  1:15  Spawning Pool  
  17  1:17  Drone  
  17  1:20  Drone  
  18  1:31  Drone  
  19  1:41  Drone  
  20  1:57  Drone  
  21  2:04  Queen x2  
  21  2:06  Zergling x4  
  27  2:10  Metabolic Boost  
  27  2:16  Overlord  
  27  2:17  Drone  
  28  2:35  Drone x2  
  30  2:38  Drone x2  
  32  2:45  Hatchery  
  31  2:57  Overlord  
  31  2:58  Drone x3  
  32  3:01  Queen  
  35  3:12  Zergling x2  
  36  3:15  Queen  
  36  3:19  Zergling x4  
  40  3:22  Drone  
  40  3:26  Spore Crawler  
  39  3:28  Drone x3  
  39  3:31  Spore Crawler  
  42  3:35  Drone  
  42  3:37  Overlord  
  42  3:38  Overlord  
  43  3:47  Spore Crawler  
  42  3:54  Queen  
  42  3:55  Drone x5  
  49  3:58  Drone  
  50  4:05  Drone x2  
  50  4:09  Zergling x6  
  54  4:13  Queen  
  54  4:15  Zergling x2  
  57  4:18  Zergling x2  
  57  4:19  Drone  
  57  4:21  Drone  
  60  4:26  Drone x3  
  63  4:32  Lair  
  63  4:35  Drone x2  
  65  4:39  Drone  
  65  4:41  Overlord  
  65  4:48  Overlord  
  65  4:51  Overlord  
  65  4:53  Extractor  
  65  4:54  Spore Crawler, Overlord  
  65  4:55  Drone x2  
  65  4:56  Overlord x2  
  63  5:00  Drone x2  
  63  5:01  Drone  
  65  5:07  Zergling x2  
  65  5:08  Zergling x2  
  65  5:12  Zergling x2  
  64  5:17  Drone  
  64  5:18  Drone x3  
  64  5:19  Drone x3, Roach Warren  
  70  5:22  Evolution Chamber  
  70  5:23  Zergling x4  
  70  5:25  Drone  
  72  5:31  Drone x3  
  72  5:33  Overseer  
  75  5:37  Drone x2  
  75  5:41  Drone  
  78  5:45  Extractor  
  78  5:46  Extractor  
  78  5:49  Drone x5, Extractor  
  80  5:50  Drone x2  
  80  5:51  Drone  
  82  6:00  Overlord  
  82  6:03  Zerg Melee Weapons Level 1  
  82  6:05  Roach  
  82  6:06  Roach x3  
  82  6:08  Hatchery, Drone, Extractor  
  90  6:17  Roach x3  
  96  6:18  Roach  
  98  6:28  Infestation Pit  
  97  6:37  Roach  
  97  6:38  Roach x2  
  97  6:39  Roach x2  
  106  6:41  Drone  
  106  6:43  Drone, Hatchery  
  107  6:51  Zergling x22  
  118  6:59  Hatchery  
  116  7:01  Drone x2  
  116  7:02  Drone  
  116  7:05  Glial Reconstitution  
  116  7:08  Drone  
  120  7:10  Drone, Overseer  
  120  7:11  Drone  
  120  7:13  Overlord  
  120  7:15  Overlord  
  122  7:17  Hive  
  122  7:18  Burrow, Overlord x2  
  122  7:21  Overlord  
  122  7:27  Overlord  
  122  7:33  Zergling x16  
  122  7:35  Ravager x3  
  122  7:36  Zergling x2, Ravager  
  136  7:37  Zergling x2  
  136  7:41  Zergling x10  
  141  7:47  Zergling x4  
  141  7:51  Zergling x6  
  138  8:02  Zergling x12  
  143  8:06  Drone x3  
  143  8:07  Drone, Spore Crawler  
  143  8:10  Zergling x10  
  143  8:12  Roach  
  153  8:14  Evolution Chamber  
  153  8:16  Zergling x2  
  153  8:17  Baneling Nest  
  153  8:18  Zerg Melee Weapons Level 2, Roach x3  
  157  8:21  Zergling x4  
  157  8:23  Zergling x4  
  158  8:35  Zergling x12  
  158  8:39  Adrenal Glands  
  164  8:42  Overseer, Roach x2  
  164  8:43  Roach x3  
  164  8:46  Zerg Missile Weapons Level 1  
  164  8:47  Zergling x10  
  164  8:48  Overlord x3  
  179  8:51  Spore Crawler, Drone  
  179  8:53  Overlord  
  179  8:56  Overlord  
  179  9:00  Overlord  
  179  9:04  Centrifugal Hooks  
  179  9:07  Drone x2  
  179  9:08  Drone x4  
  185  9:10  Zergling x18  
  193  9:19  Roach x4  
  193  9:20  Zergling x14  
  193  9:21  Zergling x4  
  194  9:26  Zergling x2  
  194  9:27  Zergling x10  
  194  9:28  Zergling x2  
  194  9:29  Drone x4  
  194  9:30  Drone x7  
  178  9:34  Zergling x8  
  172  9:44  Zergling x4  
  172  9:45  Zergling x14  
  172  9:47  Zergling x4  
  172  9:49  Zergling x4  
  171  9:53  Drone x3  
  171  9:56  Drone x3  
  171  9:57  Zergling x4  
  171  9:59  Drone x2  
  181  10:01  Zergling x2  
  181  10:02  Zergling x2  
  182  10:09  Zergling x16  
  190  10:15  Zergling x4  
  190  10:16  Baneling x8  
  190  10:17  Baneling x5  
  190  10:20  Zergling x4  
  190  10:21  Zergling x6  
  197  10:33  Zergling x2  
  197  10:34  Zergling x12  
  198  10:37  Zergling x4  
  199  10:43  Baneling x4  
  199  10:44  Baneling  
  191  10:52  Zergling x18  
  199  11:02  Zergling x12  
  199  11:03  Zergling x2  
  197  11:08  Zergling x10  
  197  11:09  Zergling x12  
  187  11:14  Zergling x6  
  187  11:18  Zergling x2  
  166  11:19  Roach  
  166  11:23  Roach  
  166  11:25  Viper x2  
  167  11:27  Roach x2  
  167  11:31  Zergling x2  
  167  11:32  Zergling x2  
  164  11:36  Drone x15  
  163  11:43  Zergling x4  
  163  11:45  Zergling x6  
  163  11:46  Zergling x2  
  166  11:49  Ultralisk Cavern  
  166  11:50  Zergling x2  
  166  11:53  Zergling x10  
  168  11:57  Zergling x4  
  168  11:58  Zergling x2  
  168  12:00  Roach  
  169  12:05  Zergling x4  
  164  12:14  Zergling x8  
  167  12:18  Roach x3  
  167  12:21  Spine Crawler, Evolution Chamber  
  167  12:22  Spine Crawler  
  162  12:23  Spine Crawler  
  162  12:26  Zergling x14  
  162  12:28  Roach  
  162  12:29  Baneling x7  
  166  12:30  Baneling x12  
  166  12:34  Hatchery  
  181  12:37  Roach x8  
  181  12:39  Zergling x4  
  181  12:41  Zergling x2  
  181  12:42  Zergling x2  
Tags
 
Add a new tag
Caveats
  • Supply blocks, unpowered buildings, or Contaminate may cause inaccurate times.
  • Supply counts are checked every 10 seconds.